 Dungeon Crawl Stone Soup version 0.29.1-12-g30fa7ad0bf (webtiles) character file.

Game seed: 3345655548224863767

121 wormed the Shooter (level 4, -3/38 HPs)
             Began as a Demigod Hunter on Dec 27, 2022.
             Killed from afar by Natasha (5 damage)
             ... with a puff of flame
             ... on level 4 of the Dungeon.
             The game lasted 00:03:02 (2716 turns).

wormed the Shooter (Demigod Hunter)                 Turns: 2716, Time: 00:03:03

Health: -3/38      AC:  5    Str: 12    XL:     4   Next: 49%
Magic:  6/6        EV: 12    Int: 11    God:
Gold:   141        SH:  0    Dex: 21    Spells: 3/3 levels left

rFire   . . .      SeeInvis .   a - +0 shortbow
rCold   . . .      Faith    .   (shield currently unavailable)
rNeg    . . .      Spirit   .   c - +0 leather armour
rPois   .          Reflect  .   m - +1 hat
rElec   .          Harm     .   (no cloak)
rCorr   .          Rampage  .   (no gloves)
Will    .....                   i - +0 pair of boots
Stlth   ++........              (no amulet)
HPRegen 0.12/turn               (no ring)
MPRegen 0.10/turn               (no ring)

@: no status effects
A: high MP 1, forlorn, divine attributes
a: no special abilities


You were on level 4 of the Dungeon.
You visited 1 branch of the dungeon, and saw 4 of its levels.

You collected 141 gold pieces.

Inventory:

Hand Weapons
 a - a +0 shortbow (weapon)
Armour
 c - a +0 leather armour (worn)
 i - a +0 pair of boots (worn)
 m - a +1 hat (worn)
Jewellery
 k - a ring of see invisible
Scrolls
 b - 3 scrolls of immolation
 f - a scroll of vulnerability {unknown}
 g - 2 scrolls of blinking {unknown}
 j - a scroll of silence {unknown}
 n - a scroll of enchant armour {unknown}
Potions
 d - a potion of invisibility {unknown}
 e - 2 potions of heal wounds {unknown}
 h - 2 potions of might {unknown}
 l - a potion of ambrosia {unknown}


   Skills:
 + Level 3.0 Fighting
 * Level 4.9 Ranged Weapons
 - Level 2.0 Dodging
 - Level 1.0 Stealth


You had 3 spell levels left.
You didn't know any spells.
Your spell library contained the following spells:

 Spells                   Type           Power      Damage    Failure   Level
 Ensorcelled Hibernation  Hex/Ice        0%         N/A       56%         2
 Spider Form              Tmut/Pois      0%         N/A       80%         3
 Anguish                  Hex/Necr       0%         N/A       99%         4
 Hailstorm                Conj/Ice       0%         3d3       99%         4
 Ice Form                 Ice/Tmut       0%         N/A       99%         4
 Simulacrum               Ice/Necr       0%         N/A       100%        6


Dungeon Overview and Level Annotations

Branches:
Dungeon (4/15)
 Temple: D:4-7

Annotations:
D:4 Natasha


Innate Abilities, Weirdness & Mutations

You have an increased reservoir of magic. (+10% MP)
You shall have no god before yourself.
Your divine heritage dramatically boosts your attributes as you level up.


Message History

The orc priest begins to cast a cantrip, but forgets the words!
The orc attacks as you move away! The orc hits you but does no damage.
The orc priest miscasts a cantrip.
There is an escape hatch in the floor here.
You shoot an arrow. The arrow hits the orc.
The orc is heavily wounded.
The orc misses you.
You shoot an arrow. The arrow hits the orc!
You kill the orc!
You shoot an arrow.
The arrow closely misses the orc priest.
Something hits you but does no damage. Something hits you.
You shoot an arrow. Something hits you but does no damage.
You shoot an arrow. The arrow hits the orc priest.
The orc priest is heavily wounded.
Something hits you but does no damage.
The orc priest calls down the wrath of Beogh upon you.
Beogh smites you!
* * * LOW HITPOINT WARNING * * *
Something hits you but does no damage.
You slide downwards.
The hatch slams shut behind you.
Reactivating autopickup.
Natasha hisses angrily.
You are too injured to fight recklessly!
Fire: a) +0 shortbow
Press: ? - help, Q - select action Shift-Dir - straight line, f - Natasha
Aim: Natasha, carrying a wand of flame (11) (59% to hit)
You shoot an arrow. The arrow barely misses Natasha.
Something hits you but does no damage.
Deactivating autopickup; reactivate with Ctrl-A.
Natasha stares at you and mumbles some strange words.
The magic dart hits you.
* * * LOW HITPOINT WARNING * * *
Something hits you.
* * * LOW HITPOINT WARNING * * *
Fire: a) +0 shortbow
Press: ? - help, Q - select action Shift-Dir - straight line, p - Natasha You shoot an arrow.
Natasha zaps a wand.
The puff of flame hits you.
You die...

.#.############
.......@{......
...............
#..............
...........####
##.#######h# #
.# #


You could see Natasha.

Vanquished Creatures
  Jessica (D:3)
  5 adders (D:2)
  2 orcs (D:3)
  7 bats
  4 endoplasms
  5 goblins
  3 hobgoblins
  3 jackals (D:2)
  12 kobolds
  5 ball pythons
  4 rats
51 creatures vanquished.

Notes
Turn   | Place    | Note
-------+----------+-------------------------------------------
     0 | D:1      | wormed the Demigod Hunter began the quest for the Orb.
     0 | D:1      | Reached XP level 1. HP: 17/17 MP: 3/3
   127 | D:1      | Reached skill level 1 in Stealth
   466 | D:1      | Reached XP level 2. HP: 16/24 MP: 4/4
  1422 | D:2      | Reached skill level 4 in Ranged Weapons
  1530 | D:2      | Reached XP level 3. HP: 30/30 MP: 5/5
  2312 | D:2      | Reached XP level 4. HP: 32/37 MP: 6/6
  2694 | D:3      | Noticed Jessica
  2695 | D:3      | Killed Jessica
  2714 | D:4      | Noticed Natasha
  2716 | D:4      | Killed from afar by Natasha

Illustrated notes

Levels and vault maps discovered:
D:1:      dpeg_arrival_more_subterranean_lakeside_camping, layout_basic,
          shapermc_ecumenical_altar_mp_vishouse, hangedman_decor_opposing
D:2:      layout_basic, basic_altar
D:3:      layout_loops_ring, chequers_decorated_corner, uniq_jessica
D:4:      kennysheep_goblin_castle, layout_basic, overflow_temple_1_default,
          serial_shops, shop, sigmund_army, uniq_natasha, uniq_sigmund

Skill      XL: |  1  2  3  4 |
---------------+-------------+-----
Stealth        | 1 |  1.0
Fighting       | 2 3 |  3.0
Dodging        | 2 |  2.0
Ranged Weapons | 4 |  4.9

Action                   |  1- 3 |  4- 6 || total
-------------------------+-------+-------++-------
 Fire: Shortbow          |   126 |    29 ||   155
Armor: Leather armour    |    14 |     6 ||    20
Dodge: Dodged            |    50 |     6 ||    56
